 Dungeon Crawl Stone Soup version 0.21.1-1-g345015fe64 (webtiles) character file.

4645 Silentium the Fighter (level 10, -8/94 (95) HPs)
             Began as a Grey Draconian Berserker on Apr 21, 2018.
             Was a High Priest of Trog.
             Mangled by a salamander (shapeshifter) (14 damage)
             ... on level 9 of the Dungeon.
             The game lasted 00:40:09 (9409 turns).

Silentium the Fighter (Grey Draconian Berserker)    Turns: 9409, Time: 00:40:10

HP:   -8/94 (95)    AC: 15    Str: 19    XL:     10   Next: 20%
MP:   10/10         EV: 14    Int: 14    God:    Trog [*****.]
Gold: 453           SH:  9    Dex: 13    Spells: 9/9 levels left

rFire    . . .     SeeInvis .   g - +1 long sword
rCold    . . .     Gourm    .   x - +0 shield
rNeg     . . .     Faith    .   (armour unavailable)
rPois    .         Spirit   .   (helmet restricted)
rElec    .         Reflect  .   u - +0 cloak
rCorr    .         Harm     .   (no gloves)
MR       .....                  k - +1 pair of boots
Stlth    +.........             (no amulet)
HPRegen  0.25/turn              r - +5 ring of intelligence
MPRegen  0.12/turn              (no ring)

@: no status effects
A: walk through water, unfitting armour, unbreathing, cold-blooded, AC +12
a: Berserk, Trog's Hand, Brothers in Arms, Burn Spellbooks, Renounce Religion


You were on level 9 of the Dungeon.
You worshipped Trog.
Trog was extremely pleased with you.
You were not hungry.

You visited 1 branch of the dungeon, and saw 9 of its levels.

You collected 453 gold pieces.

Inventory:

Hand Weapons
 g - a +1 long sword (weapon)
 q - a +2 whip of holy wrath
Armour
 k - a +1 pair of boots (worn)
 u - a +0 cloak (worn)
 x - a +0 shield (worn)
Jewellery
 r - a +5 ring of intelligence (left hand)
Wands
 l - a wand of random effects (18)
 p - a wand of paralysis (5)
 t - a wand of flame (27)
Scrolls
 c - 2 scrolls of teleportation
 d - 3 scrolls of identify
 e - 5 scrolls of remove curse
 i - a scroll of fear
 s - 3 scrolls of enchant weapon
Potions
 a - 2 potions of ambrosia
 f - a potion of curing {unknown}
 h - 3 potions of haste
 j - 2 potions of flight
 m - a potion of might {unknown}
 n - a potion of brilliance {unknown}
 o - a potion of heal wounds {unknown}
Books
 w - a book of Air

   Spells                             Type                      Level
   a - Shock                          Conjuration/Air              1
   b - Swiftness                      Charms/Air                   2
   c - Static Discharge               Conjuration/Air              3
   d - Airstrike                      Air                          4
   e - Lightning Bolt                 Conjuration/Air              5
   Trog disapproves of the use of such an item.
Comestibles
 b - 18 rations
 v - 2 chunks of flesh


   Skills:
 - Level 11.0 Fighting
 - Level 7.1 Long Blades
 - Level 8.6 Dodging
 + Level 3.0 Shields


You had 9 spell levels left.
You didn't know any spells.

Dungeon Overview and Level Annotations

Branches:
Dungeon (9/15)             Temple (0/1) D:4            Lair (0/6) D:8
    Orc: D:9-12

Altars:
Cheibriados
Dithmenos
Elyvilon
Okawaru
Trog
Yredelemnul
The Shining One


Innate Abilities, Weirdness & Mutations

You can walk through water.
Your dull iron-grey scales are very hard. (AC +12)
You cannot fit into any form of body armour.
You can survive without breathing.
You are cold-blooded and may be slowed by cold attacks.


Message History

You hit the salamander but do no damage.
The salamander is lightly wounded.
The salamander closely misses you.
You riposte.
You barely miss the salamander.
The salamander is lightly wounded.
You hit the salamander.
The salamander is lightly wounded.
The salamander hits you but does no damage.
You hit the salamander but do no damage.
The salamander is lightly wounded.
The salamander hits you.
You are engulfed in flames!
You hit the salamander.
The salamander is lightly wounded.
The salamander hits you!
* * * LOW HITPOINT WARNING * * *
You are engulfed in flames!
* * * LOW HITPOINT WARNING * * *
The salamander hits you!
* * * LOW HITPOINT WARNING * * *
You are engulfed in flames!
You die...

######+###+##
#...#?.?#...#######
#...#...#...'.....#
#..N#).)#..)#.....#
##@#######'##.....#
#...#...#†..#.....#
#...'...'...#.[...#
#...#...#...##....#
##############....#
#....##.....
#....##.....
+...........
#...........


You could see a salamander.

Vanquished Creatures
  A hornet (D:8)
  Sigmund (D:2)
  Grinder (D:4)
  Edmund (D:4)
  2 soldier ants (D:8)
  A water moccasin (D:7)
  2 orc warriors
  An ice beast (D:6)
  A sky beast (D:6)
  2 black bears (D:8)
  A phantom (D:6)
  A necrophage (D:8)
  3 ogres
  2 crocodiles (D:9)
  3 centaurs
  7 bullfrogs
  3 scorpions
  6 killer bees (D:7)
  2 howler monkeys
  3 wights (D:8)
  A centaur zombie (D:7)
  8 hounds
  5 jellies
  3 orc priests
  A bullfrog skeleton (D:8)
  2 iguanas
  7 worker ants
  5 orc wizards
  A killer bee zombie (D:6)
  A hound skeleton (D:6)
  A worker ant zombie (D:5)
  The ghost of Khress the Conjurer, a weakling FeCj (D:3)
  Robin (D:2)
  4 gnolls (D:9)
  7 adders
  A hound simulacrum (D:9)
  4 shadow imps
  An ooze (D:1)
  4 worms
  2 dart slugs
  6 leopard geckos
  23 orcs
  A ball python (D:3)
  5 giant cockroaches
  13 goblins
  11 hobgoblins
  7 jackals
  6 quokkas
  8 bats
  5 frilled lizards
  A jackal skeleton (D:4)
  7 kobolds
  2 leopard gecko zombies (D:5)
  6 rats
  A spectral orc (D:7)
206 creatures vanquished.

Notes
Turn   | Place    | Note
-------+----------+-------------------------------------------
     0 | D:1      | Silentium the Draconian Berserker began the quest for the Orb.
     0 | D:1      | Reached XP level 1. HP: 19/19 MP: 1/1
   225 | D:1      | Reached XP level 2. HP: 27/27 MP: 2/2
   226 | D:1      | Reached skill level 4 in Fighting
   801 | D:1      | Reached XP level 3. HP: 32/34 MP: 3/3
  1068 | D:2      | Found a glowing golden altar of the Shining One.
  1294 | D:2      | Noticed Sigmund
  1301 | D:2      | Killed Sigmund
  1301 | D:2      | Reached skill level 7 in Fighting
  1301 | D:2      | Reached XP level 4. HP: 47/47 MP: 4/4
  1301 | D:2      | Reached XP level 5. HP: 52/52 MP: 5/5
  1327 | D:2      | Reached ** piety under Trog
  1417 | D:2      | Reached XP level 6. HP: 54/60 MP: 6/6
  2137 | D:3      | Found a shadowy altar of Dithmenos.
  2548 | D:2      | Reached skill level 8 in Fighting
  2871 | D:3      | Noticed Robin
  2880 | D:3      | Noticed Khress's ghost (weakling FeCj)
  3198 | D:2      | Killed Robin
  3356 | D:3      | Killed Khress's ghost
  3595 | D:3      | Reached *** piety under Trog
  3611 | D:3      | Found a bloodstained altar of Trog.
  4011 | D:4      | Your scales start taking on a dull iron-grey colour.
  4011 | D:4      | Reached XP level 7. HP: 58/69 MP: 7/7
  4011 | D:4      | Gained mutation: You can survive without breathing. [Grey Draconian growth]
  4031 | D:4      | Found a staircase to the Ecumenical Temple.
  4276 | D:4      | Noticed Edmund
  4288 | D:4      | Killed Edmund
  4288 | D:4      | Reached skill level 9 in Fighting
  4386 | D:4      | Noticed Grinder
  4401 | D:4      | Killed Grinder
  4671 | D:5      | Entered Level 5 of the Dungeon
  5023 | D:5      | Reached skill level 5 in Long Blades
  5023 | D:5      | Reached XP level 8. HP: 79/79 MP: 8/8
  5455 | D:6      | Reached skill level 10 in Fighting
  5462 | D:6      | Found a white marble altar of Elyvilon.
  5522 | D:6      | Reached **** piety under Trog
  5968 | D:6      | Found a snail-covered altar of Cheibriados.
  6606 | D:7      | Reached skill level 11 in Fighting
  6645 | D:7      | Reached XP level 9. HP: 89/89 MP: 9/9
  6989 | D:7      | Found a basalt altar of Yredelemnul.
  7162 | D:7      | Found an iron altar of Okawaru.
  7208 | D:7      | Reached skill level 5 in Dodging
  7780 | D:8      | Found a staircase to the Lair.
  8351 | D:8      | Paralysed by a hornet for 3 turns
  8704 | D:8      | Paralysed by a hornet for 1 turns
  8713 | D:8      | Reached XP level 10. HP: 94/94 MP: 10/10
  9178 | D:9      | Reached skill level 1 in Shields
  9232 | D:9      | Reached ***** piety under Trog
  9403 | D:9      | Noticed a salamander
  9409 | D:9      | Mangled by a salamander (shapeshifter)

Skill      XL: |  1  2  3  4  5  6  7  8  9 10 |
---------------+-------------------------------+-----
Fighting       | 4 7 8 9 11 | 11.0
Long Blades    | 5 7 |  7.1
Dodging        | 3 8 |  8.6
Shields        | 3 |  3.0

Action                   |  1- 3 |  4- 6 |  7- 9 | 10-12 || total
-------------------------+-------+-------+-------+-------++-------
Melee: Falchion          |    72 |   137 |       |       ||   209
       Tailslap          |     7 |    35 |    83 |    20 ||   145
       Long sword        |       |    29 |   390 |    76 ||   495
Invok: Berserk           |     1 |     2 |     6 |       ||     9
       Burn Spellbooks   |       |       |     1 |       ||     1
  Use: Scroll            |     5 |     7 |     7 |       ||    19
 Stab: Distracted        |       |       |     1 |       ||     1
       Sleeping          |       |       |     2 |       ||     2
  Eat: Chunk             |     1 |    11 |    16 |     2 ||    30
       Ration            |       |       |     2 |       ||     2
Armor: Skin              |    23 |    61 |   155 |    20 ||   259
Dodge: Dodged            |    46 |   159 |   276 |    43 ||   524
Block: Shield            |       |       |       |    22 ||    22
       Rpst.: Falchion   |    13 |    43 |       |       ||    56
       Long sword        |       |    11 |    92 |    15 ||   118
